Map: Catalyst LE

Players

Nerchio

  • Race: Zerg Zerg
  • League: Grandmaster
  • Spawn Location: 5:00

Minatoeh (Minato) - Winner!

  • Race: Zerg Zerg
  • League: Master
  • Spawn Location: 11:00

Event: WESG Barcelona European Finals 2017

VOD

Have the link to the VOD?

Description

Time

  • Played on: Nov. 25, 2017, 11:24 a.m.
  • Length: 9:51

All games in this series

Show
View Real Time Build Order
Export as new Build Order

Nerchio Zerg 

Build Orders: Hatch First 

Get SALT Encoding   

  12  0:00  Drone  
  13  0:12  Overlord  
  13  0:17  Drone  
  14  0:31  Drone x2  
  14  0:35  Drone  
  17  0:52  Hatchery  
  17  0:55  Drone  
  17  0:57  Drone  
  17  1:00  Extractor  
  17  1:13  Spawning Pool  
  17  1:17  Drone  
  17  1:21  Drone  
  18  1:28  Drone  
  19  1:40  Overlord  
  19  1:51  Drone  
  20  1:59  Queen  
  20  2:00  Metabolic Boost  
  22  2:03  Queen  
  22  2:06  Zergling x2  
  25  2:09  Zergling x2  
  25  2:13  Zergling x2  
  27  2:16  Drone  
  27  2:22  Drone  
  29  2:25  Drone  
  30  2:33  Drone  
  31  2:42  Hatchery  
  30  2:47  Baneling Nest  
  30  2:49  Drone  
  30  2:54  Drone  
  30  2:56  Drone  
  32  2:59  Overlord  
  32  3:03  Drone  
  32  3:05  Drone  
  34  3:08  Drone  
  34  3:10  Drone  
  35  3:18  Drone x3  
  38  3:20  Drone  
  38  3:22  Drone  
  38  3:23  Drone  
  41  3:29  Overlord  
  41  3:33  Queen  
  43  3:35  Baneling  
  43  3:42  Evolution Chamber  
  43  3:46  Overlord  
  43  3:48  Drone x4  
  45  3:50  Drone  
  45  3:51  Drone  
  45  3:53  Drone  
  45  3:55  Drone  
  50  3:57  Drone  
  50  4:02  Overlord  
  51  4:03  Zergling x2  
  51  4:08  Zerg Missile Weapons Level 1  
  52  4:10  Extractor  
  52  4:14  Roach Warren  
  52  4:16  Drone x3  
  53  4:22  Drone x3, Extractor  
  55  4:28  Overlord x2  
  55  4:34  Drone x2  
  57  4:39  Spine Crawler  
  56  4:54  Roach x2  
  56  4:55  Roach x5  
  56  4:58  Lair  
  70  5:06  Roach x2, Overlord  
  74  5:11  Roach  
  74  5:12  Roach, Overlord  
  77  5:23  Drone x10  
  87  5:31  Roach x2  
  87  5:32  Roach x2  
  87  5:34  Roach  
  97  5:36  Roach  
  97  5:41  Overlord  
  97  5:42  Overlord  
  99  5:46  Overlord  
  99  5:47  Extractor  
  98  5:54  Spore Crawler x2  
  98  5:56  Spore Crawler  
  95  5:58  Roach x4  
  95  6:01  Roach  
  95  6:02  Roach  
  107  6:05  Queen  
  107  6:09  Queen  
  107  6:11  Glial Reconstitution  
  111  6:14  Queen  
  113  6:20  Drone x2, Spore Crawler  
  113  6:25  Overlord x2  
  114  6:30  Zerg Missile Weapons Level 2  
  114  6:32  Overlord x2  
  114  6:40  Overlord  
  114  6:45  Drone x3  
  114  6:46  Roach x2  
  121  6:47  Overlord  
  121  6:52  Roach  
  123  6:57  Roach x2  
  128  7:01  Roach  
  128  7:07  Roach  
  130  7:08  Drone x2  
  130  7:09  Roach  
  134  7:16  Roach  
  134  7:21  Roach x2  
  134  7:22  Roach x3  
  146  7:24  Overlord  
  146  7:25  Overlord  
  146  7:26  Hydralisk Den  
  146  7:27  Drone  
  146  7:29  Drone, Extractor  
  146  7:30  Overlord  
  146  7:35  Hatchery  
  145  7:38  Overlord  
  145  7:39  Overlord  
  145  7:43  Roach x3  
  151  7:46  Roach  
  151  7:48  Overlord  
  152  7:54  Drone x3  
  152  7:56  Roach  
  157  7:58  Muscular Augments  
  157  8:01  Lurker Den  
  157  8:02  Hydralisk  
  158  8:06  Hydralisk  
  158  8:09  Hydralisk x2  
  164  8:12  Hydralisk  
  164  8:14  Hydralisk  
  164  8:17  Hydralisk  
  170  8:20  Hydralisk, Unknown  
  170  8:24  Hydralisk  
  174  8:33  Drone x3, Extractor  
  176  8:34  Drone x2  
  176  8:35  Drone  
  176  8:37  Hydralisk x3  
  185  8:42  Overlord  
  185  8:43  Hydralisk  
  185  8:45  Overlord  
  185  8:48  Roach  
  189  8:53  Roach x2  
  189  8:54  Roach  
  181  8:55  Roach  
  181  8:59  Roach  
  181  9:02  Roach  
  183  9:04  Roach x2  
  183  9:06  Roach x2  
  183  9:09  Roach  
  155  9:10  Roach  
  155  9:14  Roach x2  
  155  9:16  Roach  
  137  9:18  Roach  
  111  9:25  Roach  
  111  9:27  Roach x2  
Show
View Real Time Build Order
Export as new Build Order

Minatoeh Zerg - Winner!

Build Orders: Hatch First, Muta Ling Bane 

Get SALT Encoding   

  12  0:01  Drone  
  13  0:13  Overlord  
  13  0:17  Drone  
  14  0:31  Drone x2  
  14  0:34  Drone  
  17  0:52  Hatchery  
  16  1:05  Spawning Pool  
  16  1:07  Drone  
  16  1:12  Drone  
  16  1:15  Drone  
  18  1:24  Overlord  
  18  1:42  Drone  
  19  1:47  Drone  
  19  1:52  Queen  
  19  1:53  Drone  
  23  2:02  Drone  
  23  2:04  Queen  
  23  2:06  Extractor  
  25  2:11  Drone  
  25  2:12  Drone  
  28  2:15  Drone  
  28  2:23  Drone  
  28  2:27  Zergling x2  
  28  2:28  Queen  
  32  2:35  Overlord  
  32  2:37  Drone  
  32  2:42  Extractor  
  34  2:45  Drone  
  34  2:49  Drone  
  36  2:53  Spine Crawler  
  36  2:55  Drone  
  36  3:03  Drone x4  
  40  3:12  Lair  
  38  3:13  Drone x5  
  38  3:18  Evolution Chamber  
  42  3:20  Extractor  
  42  3:23  Drone x2  
  42  3:25  Roach Warren  
  43  3:34  Overlord x2  
  43  3:42  Drone  
  43  3:45  Zerg Missile Weapons Level 1  
  44  3:50  Extractor  
  44  3:51  Drone  
  44  3:52  Drone x2  
  44  3:53  Drone  
  44  3:54  Drone  
  44  3:55  Drone x2  
  50  4:09  Spire  
  49  4:10  Drone  
  49  4:11  Drone x2  
  49  4:12  Glial Reconstitution  
  49  4:14  Roach  
  54  4:19  Overlord  
  54  4:21  Roach  
  56  4:27  Roach x2  
  60  4:37  Roach x2  
  60  4:38  Roach  
  66  4:43  Roach  
  68  4:50  Hatchery  
  67  4:54  Overlord  
  67  4:55  Overlord  
  67  5:22  Mutalisk x3  
  67  5:23  Mutalisk x2  
  67  5:26  Roach x3, Overlord  
  67  5:27  Overlord x2  
  83  5:43  Zerg Missile Weapons Level 2  
  83  5:45  Baneling Nest  
  83  5:47  Roach x2  
  86  5:52  Drone x2  
  86  5:53  Drone x4  
  86  5:55  Drone x3  
  95  6:11  Roach x4  
  103  6:18  Drone x3  
  103  6:19  Extractor  
  105  6:26  Drone x3  
  105  6:27  Roach x3  
  105  6:28  Overlord x2  
  105  6:32  Centrifical Hooks  
  114  6:46  Overlord x3  
  114  6:48  Zergling x2, Roach x3  
  114  6:52  Roach  
  114  6:53  Roach  
  125  6:57  Roach x2  
  129  7:03  Zergling x2  
  129  7:04  Zergling x2, Roach x2  
  129  7:06  Zergling x2, Roach  
  138  7:13  Extractor  
  138  7:14  Zergling x2, Roach x2  
  142  7:15  Metabolic Boost  
  142  7:22  Roach x3  
  150  7:23  Roach x2  
  153  7:30  Overlord x2  
  153  7:32  Baneling x7  
  153  7:33  Baneling  
  153  7:34  Baneling  
  153  7:44  Overlord x2  
  153  7:50  Zergling x6, Roach x3  
  153  7:51  Roach  
  164  7:53  Zergling x2, Roach  
  164  7:54  Zergling x2  
  164  7:55  Overseer  
  164  7:58  Ravager x2  
  170  8:00  Overlord  
  170  8:04  Zergling x4, Roach  
  174  8:11  Zergling x2  
  174  8:12  Zergling x4, Roach x2  
  181  8:15  Ravager x3  
  181  8:16  Baneling x5  
  184  8:20  Zergling x2  
  184  8:21  Zergling x6  
  184  8:25  Zergling x4  
  184  8:26  Zergling x4  
  192  8:36  Zergling x2  
  192  8:37  Zergling x2  
  192  8:38  Overlord x2  
  194  8:41  Baneling  
  194  8:42  Baneling x9  
  185  8:56  Zergling x10, Roach x2  
  185  8:57  Zergling x2  
  185  9:13  Zergling x10, Roach x5  
  165  9:17  Roach x2  
  122  9:31  Roach  
  122  9:32  Roach x5  
Tags
 
Add a new tag
Caveats
  • Supply blocks, unpowered buildings, or Contaminate may cause inaccurate times.
  • Supply counts are checked every 10 seconds.